 Dungeon Crawl Stone Soup version 0.20.1-1-g8b1a95d (webtiles) character file.

161 polve the Poker (level 5, -2/38 HPs)
             Began as a Merfolk Skald on July 18, 2017.
             Killed by divine providence
             ... invoked by an orc priest
              (11 damage)
             ... on level 3 of the Dungeon.
             The game lasted 00:04:05 (3604 turns).

polve the Poker (Merfolk Skald)                     Turns: 3604, Time: 00:04:06

Health: -2/38      AC:  4    Str: 12    XL:     5   Next: 42%
Magic:  16/17      EV: 12    Int: 13    God:
Gold:   83         SH:  0    Dex: 13    Spells: 2/8 levels left

rFire    . . .     SeeInvis .   a - +0 spear
rCold    . . .     Gourm    .   (no shield)
rNeg     . . .     Faith    .   b - +0 leather armour
rPois    .         Spirit   .   (no helmet)
rElec    .         Reflect  .   (no cloak)
rCorr    .         Harm     .   (no gloves)
MR       .....                  r - +0 pair of boots
Stlth    +.........             (no amulet)
Regen    0.2/turn               o - ring of magical power
MPRegen  0.2/turn               (no ring)

@: flying, slowed, very slow
A: change form in water, swift swim, stealthy swim
a: no special abilities


You were on level 3 of the Dungeon.
You were hungry.

You visited 1 branch of the dungeon, and saw 3 of its levels.

You collected 83 gold pieces.

Inventory:

Hand Weapons
 a - a +0 spear (weapon)
Armour
 b - a +0 leather armour (worn)
 r - a +0 pair of boots (worn)
Jewellery
 o - a ring of magical power (left hand)
Scrolls
 e - a scroll of magic mapping {unknown}
 f - 3 scrolls of identify {unknown}
 g - a scroll of random uselessness {unknown}
 m - a scroll of blinking {unknown}
 n - a scroll of fear {unknown}
 p - a scroll of remove curse {unknown}
 q - a scroll of amnesia {unknown}
 s - a scroll of teleportation {unknown}
Potions
 k - a potion of flight
 l - a potion of heal wounds {unknown}
Books
 c - a book of Battle

   Spells                             Type                      Level
   a - Infusion                       Charms                       1
   b - Shroud of Golubria             Charms/Translocation         2
   c - Song of Slaying                Charms                       2
   d - Spectral Weapon                Hexes/Charms                 3
   e - Regeneration                   Charms/Necromancy            3
Comestibles
 d - a bread ration
 h - 2 royal jellies
 i - a fruit
 t - 4 chunks of flesh


   Skills:
 - Level 2.1 Fighting
 + Level 4.5 Polearms
 - Level 0.6 Armour
 - Level 2.6 Dodging
 - Level 2.0 Spellcasting
 + Level 2.5 Hexes
 - Level 4.0 Charms
 - Level 2.0 Translocations


You had 2 spell levels left.
You knew the following spells:

 Your Spells              Type           Power        Failure   Level  Hunger
a - Infusion              Chrm           ##..         6%          1    ##.....
b - Shroud of Golubria    Chrm/Tloc      #.........   14%         2    ###....
c - Spectral Weapon       Hex/Chrm       #.......     26%         3    ####...


Dungeon Overview and Level Annotations

Branches:
Dungeon (3/15)

Altars:


Message History

Your spectral weapon hits the orc from afar.
You kill the orc!
The orc wizard hits your spectral weapon with a dagger.
Your spectral weapon shares its damage with you!
* * * LOW HITPOINT WARNING * * *
It was a potion of flight.
You feel very buoyant.
You fly up into the air.
The orc wizard gestures at your spectral weapon while chanting.
The magic dart hits your spectral weapon.
Your spectral weapon shares its damage with you!
Your spectral weapon fades away.
* * * LOW HITPOINT WARNING * * *
The orc wizard mumbles some strange words.
The orc wizard blinks!
Okay, then.
It was a potion of curing.
You feel better.
The orc priest invokes the aid of Beogh against you.
Beogh smites you!
You die...

#.........# #.
##.........# #.
...........# #.#.
..o.....(..# #.#.
...........# #...
...........+ ...
...........########
#.#
........).........#
#.#
.......@..........#
#..
#.....####........#
##. #....
#........# #. #...
#........# #. #..
###........# #. #.
#..).......#####. #
#................
#..).......######
#..........# #


You could see an orc priest.

Vanquished Creatures
  A gnoll (D:2)
  7 adders
  An ooze (D:1)
  A worm (D:2)
  A dart slug (D:1)
  A leopard gecko (D:3)
  4 orcs (D:3)
  7 bats
  4 giant cockroaches
  6 goblins
  9 hobgoblins
  7 jackals (D:2)
  8 kobolds
  2 quokkas
  8 frilled lizards
  5 rats
72 creatures vanquished.

Vanquished Creatures (others)
  A spectral weapon (D:3)
1 creature vanquished.

Grand Total: 73 creatures vanquished

Notes
Turn   | Place    | Note
-------+----------+-------------------------------------------
     0 | D:1      | polve the Merfolk Skald began the quest for the Orb.
     0 | D:1      | Reached XP level 1. HP: 16/16 MP: 3/3
   295 | D:1      | Reached XP level 2. HP: 17/22 MP: 0/5
   460 | D:1      | Learned a level 2 spell: Shroud of Golubria
  1184 | D:1      | Reached XP level 3. HP: 27/27 MP: 6/6
  1189 | D:1      | Learned a level 3 spell: Spectral Weapon
  1318 | D:1      | Reached skill level 1 in Translocations
  1671 | D:2      | Reached skill level 1 in Hexes
  1847 | D:2      | Reached XP level 4. HP: 33/33 MP: 7/7
  2922 | D:3      | Reached XP level 5. HP: 38/38 MP: 8/8
  3603 | D:3      | HP: 1/38 [orc wizard/dagger (3)]
  3604 | D:3      | Killed from afar by an orc priest

Skill      XL: |  1  2  3  4  5 |
---------------+----------------+-----
Charms         | 4 |  4.0
Translocations | 1 2 |  2.0
Hexes          | 1 2 |  2.5
Polearms       | 4 |  4.5
Fighting       | |  2.1
Armour         | |  0.6
Dodging        | |  2.6
Spellcasting   | |  2.0

Action                   |  1- 3 |  4- 6 || total
-------------------------+-------+-------++-------
Melee: Spear             |   126 |   150 ||   276
 Cast: Infusion          |    17 |    14 ||    31
       Shroud of Golubri |       |     1 ||     1
       Spectral Weapon   |       |     1 ||     1
  Use: Potion            |       |     2 ||     2
  Eat: Chunk             |     3 |     6 ||     9
Armor: Leather armour    |    25 |    34 ||    59
Dodge: Dodged            |    69 |   106 ||   175
